 Dungeon Crawl Stone Soup version 0.25-a0-737-g26c3a87c45 (webtiles) character file.

Game seed: 5553312301790283904, levelgen mode: classic

20955 Amnesiac the Gelid (level 12, 0/110 HPs)
             Began as a Ghoul Ice Elementalist on Apr 11, 2020.
             Was a High Priest of Vehumet.
             Slain by an infernal demonspawn
             ... wielding a +2 demon trident of draining
              (15 damage)
             ... on level 2 of the Orcish Mines.
             The game lasted 00:25:04 (12000 turns).

Amnesiac the Gelid (Ghoul Ice Elementalist)        Turns: 12000, Time: 00:25:05

Health: 0/110      AC: 10    Str: 13    XL:     12   Next: 84%
Magic:  15/23      EV: 10    Int: 14    God:    Vehumet [*****.]
Gold:   811        SH:  4    Dex:  9    Spells: 13/28 levels left

rFire    x . .     SeeInvis .   a - +3 flail (protect)
rCold    + + +     Gourm    .   b - +0 buckler
rNeg     + + +     Faith    .   g - +0 ring mail {rF+}
rPois    ∞         Spirit   .   D - +1 helmet
rElec    .         Reflect  .   f - +1 cloak
rCorr    .         Harm     .   r - +0 pair of gloves
MR       .....                  (no boots)
Stlth    +.........             (no amulet)
HPRegen  0.00/turn              y - ring of ice
MPRegen  0.18/turn              K - ring of ice

@: frozen ramparts, rotting
A: rotting body, claws 1, carnivore, cold resistance 1, negative energy
resistance 3, inhibited regeneration, torment resistance, unbreathing
a: Renounce Religion


You were on level 2 of the Orcish Mines.
You worshipped Vehumet.
Vehumet was extremely pleased with you.
You were not hungry.

You visited 3 branches of the dungeon, and saw 14 of its levels.
You also visited: Ossuary.

You collected 1055 gold pieces.
You spent 244 gold pieces at shops.

Inventory:

Hand Weapons
 a - a +3 flail of protection (weapon)
Missiles
 z - 15 poisoned darts (quivered)
Armour
 b - a +0 buckler (worn)
 f - a +1 cloak (worn)
 g - a +0 ring mail of fire resistance (worn)
 r - a +0 pair of gloves (worn)
 D - a +1 helmet (worn)
 F - +0 acid dragon scales
 I - the +3 scale mail of Brilliance {rPois Str-4 Dex+2 Slay+3}
   (You found it on level 8 of the Dungeon)

   It affects your strength (-4).
   It affects your dexterity (+2).
   It affects your accuracy and damage with ranged weapons and melee attacks
   (+3).
   It protects you from poison.
Magical Staves
 G - an uncursed staff of air
Jewellery
 y - a ring of ice (left hand)
 E - an uncursed ring of resist corrosion
 K - a ring of ice (right hand)
Wands
 h - a wand of polymorph (11)
Scrolls
 i - a scroll of magic mapping {!r}
 j - 2 scrolls of enchant armour {!r}
 n - 3 scrolls of remove curse {!r}
 q - a scroll of enchant weapon {!r}
 u - 4 scrolls of teleportation {!r}
 w - 4 scrolls of fog {!r}
 x - 6 scrolls of fear {!r}
 B - 2 scrolls of identify {!r}
 C - a scroll of summoning {!r, unknown}
Potions
 d - 4 potions of heal wounds {!q}
 e - 5 potions of curing {!q}
 k - a potion of magic {!q}
 l - a potion of might {!q}
 p - 3 potions of brilliance {!q}
 s - a potion of invisibility {!q}
 t - 2 potions of flight {!q}
Comestibles
 c - 28 rations
 A - 19 chunks of flesh


   Skills:
 + Level 11.1 Fighting
 - Level 1.7 Dodging
 - Level 2.1 Stealth
 - Level 4.0 Shields
 + Level 8.9 Spellcasting
 * Level 15.6 Ice Magic


You had 13 spell levels left.
You knew the following spells:

 Your Spells              Type           Power        Failure   Level  Hunger
a - Freeze                Ice            ####         1%          1    None
b - Frozen Ramparts       Ice            ######       1%          3    ##.....
c - Summon Ice Beast      Ice/Summ       ######..     11%         4    ####...
d - Hailstorm             Conj/Ice       ######..     3%          4    ####...
z - Ozocubu's Armour      Chrm/Ice       ######..     3%          3    ##.....

Your spell library contained the following spells:

 Spells                   Type           Power        Failure   Level  Hunger
 Fulminant Prism          Conj/Hex       #.........   52%         4    ####...
 Sticks to Snakes         Tmut           #.......     36%         2    None
 Recall                   Summ/Tloc      N/A          61%         3    ##.....
 Summon Lightning Spire   Summ/Air       #.......     95%         4    ####...
 Aura of Abjuration       Summ           #.........   100%        5    #####..
 Silence                  Hex/Air        #.........   100%        5    #####..
 Summon Demon             Summ           #.........   100%        5    #####..
 Summon Forest            Summ/Tloc      #.........   100%        5    #####..
 Summon Mana Viper        Hex/Summ       #.......     100%        5    #####..
 Conjure Ball Lightning   Conj/Air       #.........   100%        6    #######
 Deflect Missiles         Chrm/Air       #.........   100%        6    #######
 Shadow Creatures         Summ           N/A          100%        6    #######
 Tornado                  Air            #.........   100%        9    #######
 Ice Form                 Ice/Tmut       Unusable     N/A         4    N/A
 Beastly Appendage        Tmut           Unusable     N/A         1    N/A
 Spider Form              Tmut/Pois      Unusable     N/A         3    N/A
 Blade Hands              Tmut           Unusable     N/A         5    N/A

Dungeon Overview and Level Annotations

Branches:
Dungeon (11/15)            Temple (1/1) D:7            Lair (0/6) D:11
    Orc (2/2) D:11        Ossuary (visited)
    Elf: Orc:2

Altars:
Ashenzari
Cheibriados
Dithmenos
Elyvilon
Fedhas
Gozag
Hepliaklqana
Kikubaaqudgha
Makhleb
Nemelex Xobeh
Okawaru
Qazlal
Ru
Sif Muna
Trog
Uskayaw
Vehumet
Wu Jian
Xom
Yredelemnul
Zin
The Shining One
Beogh

Shops:
Orc:1 (   Orc:2 *!!

Annotations:
D:8 1 exclusion
D:10 exclusion: orange crystal statue


Innate Abilities, Weirdness & Mutations

Your body is rotting away.
You thrive on raw meat.
You are immune to poison.
You have sharp fingernails.
You are carnivorous and can eat meat at any time.
Your flesh is cold resistant. (rC+)
You are immune to negative energy. (rN+++)
You do not regenerate when monsters are visible.
You are immune to unholy pain and torment.
You can survive without breathing.


Message History

The orc high priest is almost dead.
The wall freezes the orc sorcerer! x2; You block the orc sorcerer's attack.
The wall freezes the orc high priest!
You kill the orc high priest!
Vehumet accepts your kill.
You feel your power returning.
The ice devil disappears in a puff of smoke!
The sun demon disappears in a puff of smoke!
You feel your strength returning.
Your Fighting skill increases to level 11!
Casting: Freeze (safe; 1% risk of failure)
Confirm with . or Enter, or press ? or * to list all spells.
Aiming: Freeze (safe; 1% risk of failure)
Press: ? - help, Shift-Dir - straight line, f - orc sorcerer
Aim: an orc sorcerer, wielding a +0 dagger and wearing a +1 robe of fire resistance (heavily wounded)
You feel a strong surge of power!
You freeze the orc sorcerer.
The orc sorcerer is heavily wounded.
The wall freezes the orc sorcerer.
The wall freezes the infernal demonspawn!
The wall freezes the orc sorcerer!
Casting: Freeze (safe; 1% risk of failure)
Confirm with . or Enter, or press ? or * to list all spells.
Aiming: Freeze (safe; 1% risk of failure)
Press: ? - help, Shift-Dir - straight line, f/p - orc sorcerer
Aim: an orc sorcerer, wielding a +0 dagger and wearing a +1 robe of fire resistance (severely wounded)
You feel a strong surge of power!
You freeze the orc sorcerer!
You kill the orc sorcerer!
Vehumet accepts your kill.
You feel your power returning.
The wall freezes the infernal demonspawn.
The infernal demonspawn hits you from afar with a +2 demon trident of draining!
You are engulfed in flames!!
The fire burns you terribly!
* * * LOW HITPOINT WARNING * * *
The wall freezes the orc sorcerer.
You kill the orc sorcerer!
Vehumet accepts your kill.
You feel your power returning.
You feel your dexterity returning.
The wall freezes the infernal demonspawn.
The wall freezes the infernal demonspawn!
The wall freezes the infernal demonspawn. x2
The infernal demonspawn hits you from afar with a +2 demon trident of draining!
* * * LOW HITPOINT WARNING * * *
You are engulfed in flames!!
The fire burns you terribly!
* * * LOW HITPOINT WARNING * * *
Unknown command.
The frozen ramparts melt away.
Items here: ( ))) [[[ ÷÷
Items here: ))) [[ ÷÷ Eating one of 21 chunks of flesh.
You eat one of the 21 chunks of flesh.
This raw flesh tastes great!
Eat one of 20 chunks of flesh? (ye/n/q)
Okay, then.
Casting: Freeze (safe; 1% risk of failure)
Confirm with . or Enter, or press ? or * to list all spells.
You feel a strong surge of power!
The walls around you are covered in ice.
Eat one of 20 chunks of flesh? (ye/n/q)
You eat one of the 20 chunks of flesh.
This raw flesh tastes great!
The wall freezes the infernal demonspawn.
The infernal demonspawn hits you with a +2 demon trident of draining!
* * * LOW HITPOINT WARNING * * *
You are engulfed in flames!
The fire burns you terribly!
You die...

##.......#
##.)...#.∩##
#.....#.## ##).#.....#
#...).).# ##.)...#.∩##
##.#)##..#
##...)#...## #...##o.#
##)..#[...##
##...##...##...).[..##
##...##.##...###).##
##..6###.).###))##
##...#@).###))##
##.#6#.###))##
##...###.)##
##.###[)## ###
####.)## ###.#####..##
## ####....).#)..#
.#####.#.....#.)..##
...##...#.#....)...#


You could see an infernal demonspawn.

Vanquished Creatures
  Harold (D:11)
  Erolcha (Orc:2)
  An ogre mage (Orc:1)
  2 orc high priests (Orc:2)
  4 orc knights (Orc:2)
  An ugly thing (D:11)
  4 orc sorcerers (Orc:2)
  Psyche (D:8)
  5 trolls
  A hellwing (Orc:2)
  2 hippogriffs
  A vampire (D:9)
  A wraith (Orc:1)
  3 wyverns
  A neqoxec (Orc:2)
  An acid dragon (D:11)
  A warg (Orc:2)
  A water moccasin (D:10)
  31 orc warriors
  2 black bears
  5 ice beasts
  3 sky beasts
  A hornet zombie (D:6)
  5 centaurs
  15 ogres
  6 big kobolds
  6 bullfrogs
  2 elf zombies (Ossuary)
  5 gnoll sergeants
  A wyvern skeleton (D:9)
  2 water moccasin skeletons
  2 scorpions
  7 killer bees (D:10)
  3 wights (D:6)
  2 centaur zombies (Ossuary)
  5 crimson imps
  A quasit (D:8)
  5 hounds
  A human zombie (Ossuary)
  2 jellies
  Ijyb (D:4)
  25 orc priests
  A bullfrog skeleton (D:11)
  22 orc wizards
  2 centaur skeletons (D:4)
  2 iguanas
  13 worker ants
  5 hound zombies
  A hound skeleton (D:9)
  3 mummies (Ossuary)
  A howler monkey skeleton (D:9)
  A worker ant zombie (D:5)
  16 gnolls
  12 adders
  5 shadow imps
  5 oozes
  8 adder zombies (Ossuary)
  An adder skeleton (D:6)
  2 dart slugs (D:2)
  7 leopard geckos
  87 orcs
  5 bats
  10 giant cockroaches
  A gnoll zombie (Ossuary)
  9 goblins
  A hobgoblin (D:3)
  9 jackals
  12 kobolds
  5 quokkas
  2 ball pythons
  2 frilled lizards (D:1)
  6 goblin zombies
  2 hobgoblin zombies (Ossuary)
  3 jackal zombies (Ossuary)
  A kobold zombie (Ossuary)
  2 leopard gecko skeletons
  A leopard gecko zombie (D:7)
  2 orc zombies (Ossuary)
  3 quokka zombies
  6 rats
  3 rat zombies (Ossuary)
449 creatures vanquished.

Vanquished Creatures (collateral kills)
  Josephine (Orc:1)
  An ogre (D:8)
2 creatures vanquished.

Grand Total: 451 creatures vanquished

Notes
Turn   | Place    | Note
-------+----------+-------------------------------------------
     0 | D:1      | Amnesiac the Ghoul Ice Elementalist began the quest for the
                  | Orb.
     0 | D:1      | Reached XP level 1. HP: 14/14 MP: 2/2
   368 | D:1      | Reached XP level 2. HP: 22/22 MP: 0/3
   494 | D:1      | Reached skill level 1 in Fighting
   617 | D:1      | Reached XP level 3. HP: 20/28 MP: 1/5
   645 | D:1      | Found an iron altar of Okawaru.
   746 | D:1      | Reached skill level 5 in Ice Magic
   887 | D:2      | Learned a level 3 spell: Frozen Ramparts
   937 | D:2      | HP: 1/28 [rat (2)]
  1072 | D:2      | Found a faded altar of an unknown god.
  1155 | D:2      | Reached XP level 4. HP: 34/36 MP: 6/6
  1801 | D:3      | Found a shimmering altar of Xom.
  1802 | D:3      | Found an iron altar of Okawaru.
  2118 | D:3      | Found a sparkling altar of Nemelex Xobeh.
  2260 | D:3      | Reached XP level 5. HP: 34/41 MP: 4/7
  2457 | D:4      | Reached skill level 6 in Ice Magic
  2466 | D:4      | Noticed an ogre
  2485 | D:4      | Killed an ogre
  2485 | D:4      | Reached XP level 6. HP: 27/50 MP: 1/9
  2579 | D:4      | Noticed Ijyb
  2596 | D:4      | Killed Ijyb
  2887 | D:4      | Reached skill level 7 in Ice Magic
  2887 | D:4      | Reached XP level 7. HP: 52/57 MP: 6/10
  3057 | D:5      | Entered Level 5 of the Dungeon
  3094 | D:5      | Learned a level 4 spell: Summon Ice Beast
  3098 | D:5      | Learned a level 3 spell: Ozocubu's Armour
  3254 | D:5      | Reached skill level 8 in Ice Magic
  3276 | D:5      | Reached XP level 8. HP: 63/67 MP: 5/12
  3569 | D:5      | Found a sand-covered staircase.
  3577 | Ossuary  | Entered an ossuary
  3763 | Ossuary  | Reached skill level 5 in Fighting
  4050 | Ossuary  | Reached skill level 9 in Ice Magic
  5185 | D:6      | Reached XP level 9. HP: 68/72 MP: 15/15
  5393 | D:6      | Reached skill level 5 in Spellcasting
  5410 | D:6      | Reached skill level 10 in Ice Magic
  6671 | D:7      | Reached skill level 11 in Ice Magic
  6902 | D:7      | Found a staircase to the Ecumenical Temple.
  6911 | Temple   | Entered the Ecumenical Temple
  7091 | Temple   | Became a worshipper of Vehumet
  7323 | D:8      | Reached XP level 10. HP: 83/86 MP: 11/18
  7340 | D:8      | Learned a level 4 spell: Hailstorm
  7543 | D:8      | Found a basalt altar of Yredelemnul.
  7551 | D:8      | Found a bloodstained altar of Trog.
  7552 | D:8      | Found a glowing silver altar of Zin.
  7615 | D:8      | Found a sacrificial altar of Ru.
  7616 | D:8      | Got an encrusted scale mail
  7769 | D:8      | Reached * piety under Vehumet
  7769 | D:8      | Offered knowledge of Shock by Vehumet.
  7775 | D:8      | Noticed Psyche
  7784 | D:8      | Killed Psyche
  7871 | D:9      | Reached skill level 12 in Ice Magic
  7955 | D:9      | Identified the +3 scale mail of Brilliance {rPois Str-4
                  | Dex+2 Slay+3} (You found it on level 8 of the Dungeon)
  7969 | D:9      | Found a shattered altar of Ashenzari.
  8076 | D:9      | Offered knowledge of Searing Ray by Vehumet.
  8082 | D:9      | Reached ** piety under Vehumet
  8419 | D:10     | Entered Level 10 of the Dungeon
  8432 | D:10     | Noticed an orange crystal statue
  8785 | D:10     | Offered knowledge of Mephitic Cloud by Vehumet.
  8802 | D:10     | Reached skill level 13 in Ice Magic
  8802 | D:10     | Reached XP level 11. HP: 84/95 MP: 13/20
  9442 | D:10     | Noticed a two-headed ogre
 10293 | D:11     | Noticed Harold
 10336 | D:11     | Killed Harold
 10383 | D:11     | Found a staircase to the Lair.
 10397 | D:11     | Reached *** piety under Vehumet
 10397 | D:11     | Reached skill level 1 in Shields
 10540 | D:11     | Noticed a purple ugly thing
 10559 | D:11     | Killed a purple ugly thing
 10769 | D:11     | Found a staircase to the Orcish Mines.
 10797 | D:11     | Offered knowledge of Ignite Poison by Vehumet.
 10845 | Orc:1    | Entered Level 1 of the Orcish Mines
 10918 | Orc:1    | Reached **** piety under Vehumet
 10936 | Orc:1    | Offered knowledge of Olgreb's Toxic Radiance by Vehumet.
 10966 | Orc:1    | Found a roughly hewn altar of Beogh.
 11050 | Orc:2    | Entered Level 2 of the Orcish Mines
 11051 | Orc:2    | Noticed Erolcha
 11060 | Orc:2    | Killed Erolcha
 11060 | Orc:2    | Reached skill level 14 in Ice Magic
 11152 | Orc:2    | Noticed Josephine
 11173 | Orc:1    | Killed Josephine
 11269 | Orc:1    | Reached skill level 10 in Fighting
 11301 | Orc:1    | Noticed an ogre mage
 11328 | Orc:1    | Killed an ogre mage
 11328 | Orc:1    | Reached XP level 12. HP: 59/106 MP: 16/23
 11367 | Orc:1    | Reached ***** piety under Vehumet
 11367 | Orc:1    | Offered knowledge of Fulminant Prism by Vehumet.
 11516 | Orc:1    | Found Xeqoorut's Antique Weapon Emporium.
 11592 | Orc:2    | Found Xomaiqim's Assorted Antiques.
 11619 | Orc:2    | Bought 2 sapphire potions for 68 gold pieces
 11691 | Orc:2    | Found Vemiacw's Distillery.
 11743 | Orc:2    | Found Etsoffuo's Distillery.
 11835 | Orc:2    | Reached skill level 15 in Ice Magic
 11880 | Orc:2    | Bought a potion of magic for 88 gold pieces
 11880 | Orc:2    | Bought a potion of might for 44 gold pieces
 11880 | Orc:2    | Bought a potion of stabbing for 44 gold pieces
 11930 | Orc:2    | Noticed an orc high priest
 11951 | Orc:2    | Killed an orc high priest
 11981 | Orc:2    | Noticed an orc high priest
 11987 | Orc:2    | Noticed a sun demon
 11987 | Orc:2    | Killed an orc high priest
 12000 | Orc:2    | Slain by an infernal demonspawn

Levels and vault maps discovered:
D:1:      co_arrival_random_square_maze, layout_basic, okawaru_ov_weapons_minmay
D:2:      layout_basic, chequers_ecumenical_altar_twisty, hex_tiny,
          minmay_heptomino_w4
D:3:      layout_loops_ring, overflow_temple_1_default,
          gammafunk_temple_overflow_pools, first_ration
D:4:      layout_basic, uniq_ijyb
D:5:      layout_gridville, enter_ossuary_4
D:6:      layout_basic, kennysheep_nub
D:7:      layout_cave_pools, minmay_temple_entry_sparse_star,
          minmay_misc_feat_plants, grunt_ogre_cave
D:8:      layout_rooms, grunt_temple_overflow_open, basic_altar,
          due_unseen_surprise, uniq_psyche
D:9:      layout_gridville, basic_altar
D:10:     layout_grid_maze, minmay_protected_statue
D:11:     layout_small_grid, lair_entry_dummy,
          kennysheep_orc_monster_closet_entryway, uniq_harold
Temple:   eino_temple_scatter_basement
Orc:1:    layout_caves, basic_altar, serial_shops, nicolae_shop_behind_doors
Orc:2:    pf_orc_diabolical, layout_caves, serial_shops, shop, uniq_erolcha,
          uniq_josephine

Skill      XL: |  1  2  3  4  5  6  7  8  9 10 11 12 |
---------------+-------------------------------------+-----
Spellcasting   | 2 3 4 6 7 8 |  8.9
Fighting       | 1 2 3 4 5 7 8 10 11 | 11.1
Ice Magic      | 5 6 7 8 9 11 13 14 15 | 15.6
Shields        | 3 4 |  4.0
Dodging        | |  1.7
Stealth        | |  2.1

Action                   |  1- 3 |  4- 6 |  7- 9 | 10-12 || total
-------------------------+-------+-------+-------+-------++-------
Melee: Unarmed           |    50 |       |       |       ||    50
       Short sword       |     2 |   108 |    81 |       ||   191
       Flail             |       |       |   419 |   231 ||   650
 Cast: Freeze            |    36 |     1 |    13 |   224 ||   274
       Frozen Ramparts   |       |     6 |    23 |    75 ||   104
       Summon Ice Beast  |       |       |       |     7 ||     7
  Use: Scroll            |       |     2 |     4 |    10 ||    16
       Potion            |       |       |       |     8 ||     8
 Stab: Sleeping          |       |     1 |     1 |     1 ||     3
  Eat: Chunk             |     6 |     6 |    23 |   113 ||   148
Armor: Robe              |    20 |       |       |       ||    20
       Ring mail         |     3 |    55 |   331 |   205 ||   594
       Leather armour    |       |       |       |    92 ||    92
Dodge: Dodged            |    61 |    51 |   306 |   323 ||   741
Block: Buckler           |       |       |       |    37 ||    37

Table legend:
 A = Non-vault XP
 B = Vault XP
 C = Vault XP percentage of total XP
 D = Non-vault monster count
 E = Vault monster count
 F = Vault count percentage of total count
                 A         B        C        D         E       F
            +---------+---------+-------+---------+---------+-------
      Total |   15073 |   14863 |  49.6 |     322 |     129 |  28.6
            +---------+---------+-------+---------+---------+-------
        D:1 |      40 |       0 |   0.0 |      21 |       0 |   0.0
        D:2 |      45 |      18 |  28.6 |      11 |       7 |  38.9
        D:3 |      85 |       0 |   0.0 |      18 |       0 |   0.0
        D:4 |     432 |      41 |   8.7 |      22 |       1 |   4.3
        D:5 |    1049 |       2 |   0.2 |      21 |       2 |   8.7
        D:6 |    1144 |       0 |   0.0 |      24 |       0 |   0.0
        D:7 |     862 |     127 |  12.8 |      25 |       1 |   3.8
        D:8 |    1162 |     434 |  27.2 |      22 |       1 |   4.3
        D:9 |    2151 |       0 |   0.0 |      34 |       0 |   0.0
       D:10 |    1814 |       0 |   0.0 |      34 |       0 |   0.0
       D:11 |    1585 |    2499 |  61.2 |      18 |      21 |  53.8
      Orc:1 |    3754 |     711 |  15.9 |      61 |       2 |   3.2
      Orc:2 |     950 |   10499 |  91.7 |      11 |      56 |  83.6
    Ossuary |       0 |     532 | 100.0 |       0 |      38 | 100.0
            +---------+---------+-------+---------+---------+-------
